 Dungeon Crawl Stone Soup version 0.30-a0-618-gd6c86c23d0 (webtiles) character file.

Game seed: 7086845288982720764

51524 drugrobin the Black Belt (level 13, 0/107 HPs)
             Began as a Demigod Delver on Jan 9, 2023.
             Collided with a briar patch (8 damage)
             ... caused by a swamp worm
             ... on level 1 of the Lair of Beasts on Jan 10, 2023.
             The game lasted 01:17:12 (20088 turns).

drugrobin the Black Belt (Demigod Delver)          Turns: 20088, Time: 01:17:13

Health: 0/107      AC: 10    Str: 15 (17) XL:     13   Next: 90%
Magic:  16/16      EV: 14    Int: 14 (16) God:
Gold:   1192       SH:  9    Dex: 22 (23) Spells: 1/12 levels left

rFire   . . .      SeeInvis .      - Unarmed
rCold   . . .      Faith    .    q - +3 warlock's mirror {reflect}
rNeg    . . .      Spirit   .    d - +1 leather armour of Soft Joy {Will+ Regen+}
rPois   .          Reflect  +    r - +0 helmet
rElec   .          Harm     .    S - +0 cloak
rCorr   .          Rampage  .    (no gloves)
Will    ++...                    (no boots)
Stlth   +++                      l - amulet of regeneration
HPRegen 1.97/turn                k - ring of flight
MPRegen 0.15/turn                O - +4 ring of protection

@: flying, studying Summonings
A: high MP 1, forlorn, divine attributes, deterioration 1
a: no special abilities


You were on level 1 of the Lair of Beasts.
You visited 3 branches of the dungeon, and saw 18 of its levels.
You visited the Abyss 2 times.
You also visited: Sewer, Ossuary and Volcano.

You collected 1541 gold pieces.
You spent 349 gold pieces at shops.

Inventory:

Hand Weapons
 b - a +2 dagger of venom
 c - a +2 hand crossbow of flaming
Missiles
 y - a curare-tipped dart
 z - 5 silver javelins (quivered)
 I - 16 poisoned darts
Armour
 d - the +1 leather armour of Soft Joy (worn) {Will+ Regen+}
   (You found it on level 5 of the Dungeon)

   Regen:     It increases your rate of health regeneration.
   Will:      It increases your willpower.
 q - the +3 warlock's mirror (worn) {reflect}
   (You acquired it on level 1 of the Lair of Beasts)

   It can block and reflect piercing ranged attacks and magical attacks against
   the wielder's willpower.
 r - a +0 helmet (worn)
 A - a +4 chain mail of fire resistance
 S - a +0 cloak (worn)
 V - a +4 ring mail of cold resistance
Magical Staves
 j - a staff of air
Jewellery
 k - a ring of flight (left hand)
 l - an amulet of regeneration (around neck)
 w - a ring of see invisible
 O - a +4 ring of protection (right hand)
 Q - a +4 ring of slaying
 Z - a ring of wizardry
Wands
 f - a wand of digging (12)
 m - a wand of iceblast (3)
 M - a wand of mindburst (12)
 R - a wand of charming (2)
 W - a wand of polymorph (11)
Scrolls
 a - 7 scrolls of teleportation
 h - 2 scrolls of immolation
 n - 4 scrolls of fog
 o - a scroll of blinking
 p - 3 scrolls of butterflies
 F - 2 scrolls of silence
 J - 4 scrolls of vulnerability {unknown}
 K - 2 scrolls of amnesia {unknown}
 T - 2 scrolls of poison
 U - a scroll of fear
Potions
 e - 3 potions of heal wounds
 g - 5 potions of mutation
 i - 5 potions of attraction {unknown}
 s - 2 potions of might {unknown}
 v - 3 potions of cancellation {unknown}
 x - 4 potions of ambrosia {unknown}
 B - 8 potions of haste
 C - a potion of experience {unknown}
 D - a potion of invisibility
 G - 2 potions of lignification {unknown}
 H - a potion of magic {unknown}
 L - 2 potions of berserk rage {unknown}
 N - 3 potions of resistance {unknown}
 P - 4 potions of flight {unknown}


   Skills:
 - Level 8.0 Fighting
 - Level 4.0 Dodging
 - Level 4.5 Stealth
 - Level 4.0 Shields
 + Level 19.9 Unarmed Combat
 - Level 4.0 Transmutations
 - Level 4.0 Evocations


You had one spell level left.
You knew the following spells:

 Your Spells              Type           Power      Damage    Failure   Level
a - Shock                 Conj/Air       0%         1d3       43%         1
b - Beastly Appendage     Tmut           22%        N/A       9%          1
c - Wereblood             Tmut           11%        N/A       14%         2
d - Spider Form           Tmut/Pois      5%         N/A       52%         3
e - Ice Form              Ice/Tmut       5%         N/A       90%         4

Your spell library contained the following spells:

 Spells                   Type           Power      Damage    Failure   Level
 Cigotuvi's Dreadful Rot  Necr/Pois/Air  0%         N/A       56%         2
 Poisonous Vapours        Pois/Air       0%         N/A       56%         2
 Mephitic Cloud           Conj/Pois/Air  0%         N/A       80%         3
 Swiftness                Air            0%         N/A       80%         3
 Petrify                  Tmut/Erth      5%         N/A       90%         4
 Airstrike                Air            0%         2d(0-16)  99%         4
 Alistair's Intoxication  Tmut/Pois      3%         N/A       99%         5
 Fireball                 Conj/Fire      0%         3d3       100%        5
 Iskenderun's Battlesphe  Conj           0%         2d6       100%        5
 Conjure Ball Lightning   Conj/Air       0%         3x3d6     100%        6
 Orb of Destruction       Conj           0%         9d5       100%        7


Dungeon Overview and Level Annotations

Branches:
Dungeon (11/15)            Temple (0/1) D:4            Lair (5/5) D:8
 Shoals (0/4) Lair:2       Spider (0/4) Lair:3        Slime (0/5) Lair:5
    Orc (2/2) D:11          Sewer (visited)         Ossuary (visited)
Volcano (visited)
    Elf: Orc:2

Shops:
D:3 *   D:7 (   D:8 *

Annotations:
D:6 1 runed translucent door, Crazy Yiuf
D:7 exclusions: hydra and troll
D:8 4 transporters
D:11 3 runed translucent doors, exclusion: orange crystal statue
Lair:1 1 transporter
Lair:2 3 runed translucent doors, Heh's ghost, journeyman OpVM
Lair:5 3 runed translucent doors, elongatedgoose's ghost, journeyman MiFi
Orc:2 Saint Roka


Innate Abilities, Weirdness & Mutations

You have an increased reservoir of magic. (+10% MP)
You shall have no god before yourself.
Your divine heritage dramatically boosts your attributes as you level up.
Your body sometimes deteriorates upon taking damage.


Message History

You miss the swamp worm.
You claw the swamp worm, but do no damage.
Your headbutt misses the swamp worm.
The swamp worm is heavily wounded.
The swamp worm closely misses you.
You closely miss the swamp worm. Your kick misses the swamp worm.
You headbutt the swamp worm.
The swamp worm is severely wounded.
Your horns disappear.
Your talons disappear.
Your +0 helmet unmelds from your body.
The swamp worm bites you!
* * * LOW HITPOINT WARNING * * *
You punch the swamp worm!
The swamp worm is almost dead.
The swamp worm bites you but does no damage.
You punch the swamp worm!
You kill the swamp worm!
The swamp worm fires a harpoon shot at you.
The harpoon shot misses you.
You feel your dexterity returning.
You see here a swamp worm corpse.
You start resting.
A swamp worm is nearby!
A swamp worm is nearby!
The swamp worm fires a harpoon shot at you.
The harpoon shot hits you!
* * * LOW HITPOINT WARNING * * *
You are yanked forward by the harpoon shot.
You collide with the briar patch!
The briar patch is severely damaged.
You are struck by the briar patch's thorns.
* * * LOW HITPOINT WARNING * * *
You punch the briar patch!
You destroy the briar patch!
The swamp worm fires a harpoon shot at you.
The harpoon shot hits you!
* * * LOW HITPOINT WARNING * * *
You are yanked forward by the harpoon shot.
You collide with the briar patch!
The briar patch is severely damaged.
You die...

##...............#.###
#..........##........#
#....#...##.#.......##
#....#P####.........####
##...#####.#########.#.##
#...# #..#♣#†#♣#w#....##
#...# #.##§≈≈#≈≈≈####..#
###÷####.#P.PP○PPP#!=#.##
###.##..©#©^^^^@^°+?©#©##
#........#PPPP.°.P#)[#..#
#...###..##≈≈≈≈#≈≈####..#
##...####..##†#♣#.##.....#
...#..# ##.#########.....#
...#.## ##...........####
...#.# #####..P....#######
.#...# ##.#..........#
.P...## #.....P.#...##


You could see a swamp worm.

Vanquished Creatures
  Josephine (Lair:4)
  A boulder beetle (D:11)
  3 catoblepae (Lair:5)
  10 death yaks (Lair:5)
  A two-headed ogre (D:11)
  Urug (Lair:4)
  A fire crab (Volcano)
  2 large abominations (Abyss:1)
  3 starcursed masses
  2 lindwurms
  3 manticores
  An orc sorcerer (Orc:1)
  A worldbinder (Abyss:1)
  4 elephants (Lair:4)
  A black mamba (Lair:5)
  Maurice (D:11)
  A torpor snail (Lair:5)
  2 molten gargoyles (Lair:3)
  A demonic crawler (Lair:3)
  9 cane toads
  A kobold demonologist (D:11)
  A rime drake (D:8)
  7 komodo dragons
  An ancient zyme (Abyss:1)
  2 merfolk (Lair:2)
  4 polar bears
  A hornet (D:9)
  12 blink frogs
  16 dream sheep
  Sigmund (D:2)
  A vampire (D:10)
  2 wyverns
  9 wraiths
  4 basilisks
  53 yaks
  2 steam dragons (Volcano)
  4 wargs
  3 swamp worms (Lair:1)
  3 acid dragons
  Duvessa (D:7)
  2 hell hounds (Volcano)
  18 water moccasins
  2 sky beasts
  13 orc warriors
  6 ice beasts
  3 black bears
  22 wolves
  2 ogres
  3 centaurs
  A phantom (D:4)
  3 kobold brigands
  12 bullfrogs
  8 scorpions
  3 wights (D:7)
  Dowan (D:7)
  A small abomination (Abyss:1)
  11 killer bees
  2 electric eels (Lair:4)
  2 howler monkeys
  3 centaur zombies (Ossuary)
  5 lava snakes (Lair:3)
  3 hounds
  12 orc priests
  4 jellies
  3 gnoll boudas
  An iron imp (Abyss:1)
  3 iguanas
  22 orc wizards
  6 mummies (Ossuary)
  12 gnolls
  7 adders
  A shadow imp (D:7)
  A white imp (D:5)
  An ufetubus (D:6)
  5 worms
  2 dart slugs
  53 orcs
  6 endoplasms
  3 giant cockroaches
  4 goblins
  5 hobgoblins
  7 quokkas
  10 ball pythons
  13 bats
  2 frilled lizards
  2 goblin zombies (Ossuary)
  A hobgoblin zombie (Ossuary)
  2 jackal zombies (D:6)
  22 kobolds
  A kobold zombie (Ossuary)
  An orc zombie (Ossuary)
  11 rats
  2 briar patches (Lair:1)
528 creatures vanquished.

Vanquished Creatures (others)
  A briar patch (Lair:1)
  5 demonic plants (D:3)
  30 fungi
  43 plants
  3 withered plants (D:3)
82 creatures vanquished.

Grand Total: 610 creatures vanquished

Notes
Turn   | Place    | Note
-------+----------+-------------------------------------------
     0 | D:5      | drugrobin the Demigod Delver began the quest for the Orb.
     0 | D:5      | Reached XP level 1. HP: 18/18 MP: 3/3
    45 | D:5      | Noticed a scorpion
   207 | D:5      | Noticed a scorpion
   311 | D:5      | Found a glowing drain.
   358 | Sewer    | Entered a sewer
   375 | Sewer    | Reached skill level 2 in Unarmed Combat
   505 | Sewer    | Gained mutation: Your body sometimes deteriorates upon
                  | taking damage. [potion of mutation]
   594 | D:4      | Noticed a scorpion
   687 | D:4      | Reached XP level 2. HP: 25/25 MP: 4/4
   866 | D:4      | Found a staircase to the Ecumenical Temple.
   988 | D:1      | Reached skill level 3 in Unarmed Combat
  1268 | D:1      | Reached XP level 3. HP: 30/30 MP: 5/5
  1922 | Abyss:1  | Cast into level 1 of the Abyss (orc)
  1956 | Abyss:1  | Noticed a chaos spawn
  1970 | Abyss:1  | Noticed a wretched star
  1970 | Abyss:1  | Noticed an ice beast
  1986 | Abyss:1  | Noticed a sky beast
  2000 | Abyss:1  | Killed a sky beast
  2001 | Abyss:1  | Reached skill level 4 in Unarmed Combat
  2001 | Abyss:1  | Reached XP level 4. HP: 21/37 MP: 6/6
  2003 | D:2      | Escaped the Abyss
  2249 | D:3      | Reached skill level 5 in Unarmed Combat
  2412 | D:3      | Reached XP level 5. HP: 42/42 MP: 7/7
  2798 | D:3      | Found Zypuhe's Assorted Antiques.
  2803 | D:3      | Bought a glowing leather armour for 125 gold pieces
  2889 | D:2      | Noticed Sigmund
  3353 | D:4      | Reached skill level 6 in Unarmed Combat
  3353 | D:4      | Reached XP level 6. HP: 33/50 MP: 8/8
  4153 | D:4      | Reached skill level 7 in Unarmed Combat
  4392 | D:5      | Reached XP level 7. HP: 56/56 MP: 9/9
  4576 | D:5      | Identified the +1 leather armour of Soft Joy {Will+ Regen+}
  4653 | D:5      | Reached skill level 8 in Unarmed Combat
  5036 | D:5      | Reached skill level 9 in Unarmed Combat
  5073 | D:6      | Found a sand-covered staircase.
  5110 | D:6      | Learned a level 1 spell: Shock
  5148 | Ossuary  | Entered an ossuary
  5200 | Ossuary  | Reached XP level 8. HP: 46/62 MP: 5/10
  5587 | D:6      | Found a runed translucent door.
  5588 | D:6      | Noticed Crazy Yiuf
  6013 | D:7      | Found Neomnaff's Weapon Boutique.
  6038 | D:7      | Reached skill level 10 in Unarmed Combat
  6297 | D:7      | Noticed Duvessa
  6329 | D:7      | Noticed Dowan
  6336 | D:7      | Killed Duvessa
  6523 | D:7      | Reached skill level 11 in Unarmed Combat
  6636 | D:7      | Noticed a troll
  6835 | D:7      | Killed Dowan
  7205 | D:7      | Noticed an eight-headed hydra
  7308 | D:7      | Reached XP level 9. HP: 68/68 MP: 11/11
  7800 | D:2      | Killed Sigmund
  8290 | D:8      | Noticed a rime drake
  8310 | D:7      | Reached skill level 12 in Unarmed Combat
  8357 | D:8      | Identified the +8 war axe of Udghinon {drain, Int+4 Stlth-}
  8452 | D:8      | Found a staircase to the Lair.
  8517 | D:8      | Killed a rime drake
  8551 | D:8      | Found a transporter.
  8553 | D:8      | Found a transporter.
  8574 | D:8      | Found a transporter.
  8593 | D:8      | Found Kaaxtuc's Assorted Antiques.
  8598 | D:8      | Bought an ichor-stained robe for 136 gold pieces
  8598 | D:8      | Identified the +1 robe "Ydauk" {Str+3} (You bought it in a
                  | shop on level 8 of the Dungeon)
  8598 | D:8      | Bought a coppery potion for 21 gold pieces
  8598 | D:8      | Bought 2 orange potions for 43 gold pieces
  8598 | D:8      | Bought a scroll labelled LOUCE YCRIYRGHA for 24 gold pieces
  9071 | D:8      | Found a transporter.
  9208 | D:9      | Noticed a manticore
  9425 | D:9      | Paralysed by a hornet for 1 turns
  9545 | D:9      | Learned a level 1 spell: Beastly Appendage
  9548 | D:9      | Learned a level 2 spell: Wereblood
  9552 | D:9      | Learned a level 3 spell: Spider Form
  9661 | D:9      | Reached skill level 1 in Transmutations
  9661 | D:9      | Reached XP level 10. HP: 66/78 MP: 13/13
  9703 | D:9      | Killed a manticore
  9704 | D:9      | Reached skill level 13 in Unarmed Combat
 10024 | Abyss:1  | Cast into level 1 of the Abyss (kobold)
 10029 | Abyss:1  | Noticed a starcursed mass
 10087 | Abyss:1  | Noticed a wretched star
 10145 | Abyss:1  | Noticed a tentacled starspawn
 10196 | Abyss:1  | Noticed a worldbinder
 10221 | Abyss:1  | Noticed a naga warrior
 10221 | Abyss:1  | Noticed a mana viper
 10223 | Abyss:1  | Noticed a wretched star
 10227 | Abyss:1  | Noticed a naga warrior
 10227 | Abyss:1  | Noticed a naga warrior
 10227 | Abyss:1  | Noticed a naga warrior
 10235 | Abyss:1  | Noticed a naga warrior
 10235 | Abyss:1  | Noticed a black mamba
 10235 | Abyss:1  | Killed a worldbinder
 10252 | Abyss:1  | Noticed a large abomination
 10259 | Abyss:1  | Killed a large abomination
 10348 | Abyss:1  | Noticed a starcursed mass
 10376 | Abyss:1  | Killed a starcursed mass
 10379 | D:9      | Escaped the Abyss
 10489 | D:10     | Entered Level 10 of the Dungeon
 10512 | D:10     | Reached skill level 14 in Unarmed Combat
 10884 | D:10     | Got the Textbook on the Xenomorphic Gargoyle
 10984 | D:10     | ffs can we stop with the distortion?
 11061 | D:9      | ????
 11590 | D:11     | Found a staircase to the Orcish Mines.
 11608 | D:11     | Noticed Maurice
 11632 | D:11     | Killed Maurice
 11635 | D:11     | Found the +7 staff of the Meek {protect, meekguard}
 11716 | D:11     | Reached XP level 11. HP: 56/84 MP: 14/14
 11762 | D:11     | Noticed a two-headed ogre
 11854 | D:11     | Killed a two-headed ogre
 11909 | D:11     | Reached skill level 15 in Unarmed Combat
 11953 | D:11     | Found a runed translucent door.
 11964 | D:11     | Found a runed translucent door.
 11969 | D:11     | Noticed an orange crystal statue
 11974 | D:11     | Noticed a boulder beetle
 11987 | D:11     | Killed a boulder beetle
 12268 | D:11     | Reached skill level 1 in Evocations
 12388 | D:11     | Found a runed translucent door.
 12399 | D:11     | Found a runed translucent door.
 12706 | Lair:1   | Entered Level 1 of the Lair of Beasts
 12781 | Lair:1   | Found a transporter.
 12801 | Lair:1   | Found a transporter.
 13079 | Lair:1   | Reached skill level 16 in Unarmed Combat
 13457 | Lair:1   | Identified a scroll of acquirement
 13458 | Lair:1   | Acquired the +3 warlock's mirror {reflect}
 13458 | Lair:1   | Found the +3 warlock's mirror {reflect}
 13546 | Lair:2   | Reached skill level 1 in Shields
 13626 | Lair:2   | Found a runed translucent gate.
 13626 | Lair:2   | Found a runed translucent gate.
 13626 | Lair:2   | Found a runed translucent gate.
 13787 | Lair:2   | Noticed Heh's ghost (journeyman OpVM)
 13801 | Lair:2   | Reached XP level 12. HP: 91/91 MP: 13/15
 14033 | Lair:2   | Learned a level 4 spell: Ice Form
 14437 | Lair:2   | Found a staircase to the Shoals.
 14644 | Lair:3   | Found a hole to the Spider Nest.
 14659 | Lair:3   | Reached skill level 17 in Unarmed Combat
 14702 | Lair:3   | HP: 2/91 [demonic crawler (10)]
 15159 | Lair:3   | You fall into a shaft and drop 2 floors!
 15159 | Lair:5   | Entered Level 5 of the Lair of Beasts
 15251 | Lair:5   | Found a runed translucent gate.
 15252 | Lair:5   | Found a runed translucent gate.
 15259 | Lair:5   | Found a runed translucent gate.
 15264 | Lair:5   | Noticed elongatedgoose's ghost (journeyman MiFi)
 15267 | Lair:5   | Noticed a minotaur
 15407 | Lair:4   | Noticed Josephine
 15425 | Lair:4   | Killed Josephine
 15543 | Lair:4   | Found a dark tunnel.
 15580 | Volcano  | Entered a volcano
 15644 | Volcano  | Reached skill level 18 in Unarmed Combat
 15967 | Lair:4   | Reached skill level 5 in Fighting
 16641 | Lair:4   | Noticed Urug
 16657 | Lair:4   | Killed Urug
 16658 | Lair:4   | Reached XP level 13. HP: 55/102 MP: 16/16
 18034 | Lair:5   | Found a staircase to the Slime Pits.
 18081 | Lair:5   | Reached skill level 19 in Unarmed Combat
 19243 | Orc:1    | Entered Level 1 of the Orcish Mines
 19841 | Orc:2    | Entered Level 2 of the Orcish Mines
 19907 | Orc:2    | Noticed Saint Roka
 20088 | Lair:1   | Collided with a briar patch

Illustrated notes ### #.......# # #.......# # #.......# # #.......## #........# #........# #.....)..######### #...@...o........#### ##...###...(......... ###.# ########.### #.# #........ #.# #.....##) #.########.)...##. #.......##.....### #######.##.....# # #.######## Turn 10984 on D:10: ffs can we stop with the distortion?

......#........#.......#....#.#..
......#........#.(.....'....#....
...####......^.#.......#....#....
.....# .......#....K..#....#....
.....# .......#.......#....#....
.....#######...#.......#....#....
#'####.....#.KKK)......#.<..#..##
#..........#...#.......#....#..##
.......###.#...#@.####.#....#..##
.......###.#...#..# #.#....#..##
...........#####).# #.#+####....
..................# #...........
........#.........# #...........
..................# #..#........
............#.....####..#........
.................................
#################################


Turn 11061 on D:9: ????

Levels and vault maps discovered:
D:1:      minmay_arrival_three_doors, layout_basic, serial_forest,
          infiniplex_forest_lined_2, infiniplex_forest_clump_long,
          infiniplex_forest_zigzag_2, infiniplex_forest_clump_small,
          minmay_ruptured
D:2:      cheibrodos_pilgrimage, layout_loops_ring, basic_altar, uniq_sigmund
D:3:      layout_loops_corners, elyvilon_altar_5, serial_shops,
          nicolae_shop_hallway_plus, shapermc_ecumenical_altar_gd,
          minmay_misc_feat_cross, hangedman_decor_riveting, st_stairs_6
D:4:      layout_layer_cave, mainiacjoe_overflow_big_doors,
          minmay_temple_entry_slanted, amcnicky_mini_corridor_feature
D:5:      layout_loops_ring, portal_sewer_entry_b
D:6:      layout_cave_pools, enter_ossuary_3, uniq_crazy_yiuf_cottage
D:7:      layout_loops_corners, mainiacjoe_overflow_catwalk, serial_shops,
          nicolae_shop_hallway_stairs, hellmonk_guarded_unrand_vines,
          uniq_duvessa
D:8:      layout_loops_ring, hellmonk_lair_entry_icy, serial_shops, shop,
          nicolae_transporter_circle
D:9:      layout_stronghold, hangedman_decor_peaks_small
D:10:     layout_basic, lemuel_crystal_altar
D:11:     kennysheep_six_static_rooms, layout_basic,
          minmay_orc_entry_temple_small, minmay_statue_crystal_thing,
          uniq_maurice
Lair:1:   gammafunk_worm_tunnel, layout_misc_corridors
Lair:2:   layout_roguey, elwin_shoals_entry_rooms, gammafunk_ghost_icy,
          lemuel_fruit_tree
Lair:3:   cheibrodos_magma_flow, layout_concentric_octagons,
          nicolae_spider_entry_non_spiders, chequers_serial_rivers_small_3
Lair:4:   layout_regular_city, nicolae_volcano_entry_two_sided, ldierk_geyser,
          infiniplex_staircase_pool, uniq_josephine, uniq_urug
Lair:5:   evilmike_catoblepas_cave, layout_cave_pods, slime_entry_1,
          maelrawn_ghost_gauntlet_escape
Orc:1:    layout_caves, okawaru_metal_pillars_1_2
Orc:2:    kennysheep_orc_mage_school, layout_caves, nicolae_orc_bridge_out,
          uniq_saint_roka

Skill      XL: |  1  2  3  4  5  6  7  8  9 10 11 12 13 |
---------------+----------------------------------------+-----
Unarmed Combat | 2 3 4 5 6 7 9 11 12 14 16 18 19 | 19.9
Dodging        | 4 |  4.0
Fighting       | 4 6 8 |  8.0
Transmutations | 1 4 |  4.0
Evocations     | 4 |  4.0
Shields        | 3 4 |  4.0
Stealth        | |  4.5

Action                   |  1- 3 |  4- 6 |  7- 9 | 10-12 | 13-15 || total
-------------------------+-------+-------+-------+-------+-------++-------
Melee: Unarmed           |   103 |    78 |   296 |   783 |   362 ||  1622
       Punch             |     4 |     6 |    25 |    39 |       ||    74
       Quarterstaff      |    21 |       |       |       |       ||    21
       Dagger            |    27 |    71 |    69 |    18 |     2 ||   187
       Kick              |       |       |       |   105 |    83 ||   188
       Headbutt          |       |       |       |    64 |    51 ||   115
       Staff             |       |       |       |     7 |       ||     7
 Fire: Sling             |       |    37 |    18 |       |       ||    55
       Hand crossbow     |       |       |       |     1 |       ||     1
Throw: Dart              |       |    13 |    32 |    15 |       ||    60
       Javelin           |       |       |     1 |    15 |     1 ||    17
 Cast: Shock             |       |       |     3 |     3 |       ||     6
       Beastly Appendage |       |       |       |    34 |    20 ||    54
       Wereblood         |       |       |       |    11 |    11 ||    22
       Spider Form       |       |       |       |       |     4 ||     4
Evoke: Wand              |       |       |    15 |     2 |     1 ||    18
  Use: Scroll            |     2 |       |     4 |    14 |     1 ||    21
       Potion            |     1 |     1 |       |     8 |     1 ||    11
 Stab: Sleeping          |     8 |     3 |     9 |    10 |     4 ||    34
       Distracted        |       |       |     3 |     5 |       ||     8
Armor: Leather armour    |    31 |    17 |       |       |    11 ||    59
       Ring mail         |       |    17 |   115 |   216 |    42 ||   390
       Robe              |       |       |       |     4 |       ||     4
       Chain mail        |       |       |       |     2 |     3 ||     5
Dodge: Dodged            |    92 |    70 |   173 |   347 |   144 ||   826
Block: Buckler           |       |       |       |   153 |   101 ||   254
       Reflection        |       |       |       |     9 |     6 ||    15

Table legend: (Time is in decaauts)
 A = Elapsed time spent in this place.
 B = Non-inter-level travel time spent in this place.
 C = Inter-level travel time spent in this place.
 D = Time resting spent in this place.
 E = Time spent auto-exploring this place.
 F = Levels seen in this place.
 G = Mean time per level.
                   A        B        C        D        E       F      G
               +--------+--------+--------+--------+--------+-----+--------+
         Total |  19736 |  17969 |   1767 |    874 |  10216 |  23 |  858.1 |
       Dungeon |  12132 |  10695 |   1437 |    557 |   6386 |  11 | 1102.9 |
          Lair |   5997 |   5689 |    308 |    250 |   3358 |   5 | 1199.4 |
  Orcish Mines |    419 |    398 |     21 |      9 |    240 |   2 |  209.5 |
         Abyss |    421 |    421 |      0 |     45 |      7 |   2 |  210.5 |
         Sewer |    177 |    177 |      0 |      0 |      0 |   1 |  177.0 |
       Ossuary |    267 |    267 |      0 |     12 |     87 |   1 |  267.0 |
       Volcano |    320 |    320 |      0 |      0 |    137 |   1 |  320.0 |
               +--------+--------+--------+--------+--------+-----+--------+

Top non-repeatable levels by time:
  Lair:5: 1816 daAuts
     D:4: 1665 daAuts
     D:9: 1480 daAuts
     D:7: 1451 daAuts
  Lair:4: 1235 daAuts
     D:5: 1109 daAuts
     D:3: 1093 daAuts
  Lair:3: 1079 daAuts
  Lair:2: 1038 daAuts
    D:11: 1030 daAuts
     D:8: 985 daAuts
    D:10: 894 daAuts
     D:1: 879 daAuts
     D:6: 848 daAuts
  Lair:1: 828 daAuts
